 Dungeon Crawl Stone Soup version 0.19.3 (webtiles) character file.

2461 Messajah the Spear-Bearer (level 9, -3/71 HPs)
             Began as a Minotaur Fighter on Jan 22, 2017.
             Was a Follower of Okawaru.
             Slain by a killer bee (8 damage)
             ... on level 9 of the Dungeon.
             The game lasted 00:25:55 (7573 turns).

Messajah the Spear-Bearer (Minotaur Fighter)        Turns: 7573, Time: 00:25:56

Health: -3/71      AC:  8    Str: 24    XL:     9   Next: 26%
Magic:  8/8        EV: 10    Int:  5    God:    Okawaru [*.....]
Gold:   268        SH:  0    Dex: 13    Spells: 0 memorised, 8 levels left

rFire  . . .     SeeInvis .     a - +0 trident
rCold  . . .     Gourm    .     b - +0 scale mail
rNeg   . . .     Faith    .     (no shield)
rPois  .         Spirit   .     (helmet restricted)
rElec  .         Reflect  .     x - +0 cloak (curse)
rCorr  .         Harm     .     (no gloves)
MR     .....                    (no boots)
Stlth  ..........               (no amulet)
                                (no ring)
                                o - +3 ring of strength

@: no status effects
A: retaliatory headbutt, horns 2
a: Heroism, Renounce Religion


You were on level 9 of the Dungeon.
You worshipped Okawaru.
Okawaru was aware of your devotion.
You were not hungry.

You visited 2 branches of the dungeon, and saw 10 of its levels.

You collected 268 gold pieces.

Inventory:

Hand Weapons
 a - a +0 trident (weapon)
 w - a +2 quarterstaff of chaos
Missiles
 v - 6 tomahawks (quivered)
 F - 4 javelins
Armour
 b - a +0 scale mail (worn)
 x - a cursed +0 cloak (worn)
Jewellery
 o - a +3 ring of strength (left hand)
Wands
 k - a wand of acid (10/15)
 z - a wand of digging (9/24)
 D - a wand of slowing (22/48)
 I - a wand of digging (11/24)
 K - a wand of digging (15/24)
Scrolls
 g - 4 scrolls of identify {unknown}
 i - 8 scrolls of amnesia {unknown}
 j - a scroll of noise {unknown}
 n - 3 scrolls of recharging {unknown}
 q - 2 scrolls of fear {unknown}
 s - 3 scrolls of remove curse {unknown}
 y - 2 scrolls of enchant weapon {unknown}
 C - 2 scrolls of teleportation {unknown}
 N - a scroll of blinking {unknown}
Potions
 c - 2 potions of flight {unknown}
 d - a potion of might
 e - 3 potions of curing {unknown}
 h - 2 potions of invisibility {unknown}
 l - a potion of cancellation {unknown}
 r - a potion of mutation {unknown}
 t - a potion of ambrosia {unknown}
 u - a potion of resistance {unknown}
 A - a potion of heal wounds {unknown}
 B - a potion of lignification {unknown}
 E - 2 potions of brilliance {unknown}
 G - a potion of berserk rage {unknown}
 H - a potion of degeneration {unknown}
Books
 J - a Young Poisoner's Handbook

   Spells                             Type                      Level
   a - Sting                          Conjuration/Poison           1
   b - Mephitic Cloud                 Conjuration/Poison/Air       3
   c - Olgreb's Toxic Radiance        Poison                       4
   d - Alistair's Intoxication        Transmutation/Poison         5
   e - Venom Bolt                     Conjuration/Poison           5
 L - a Fen Folio

   Spells                             Type                      Level
   a - Corpse Rot                     Necromancy                   2
   b - Stone Arrow                    Conjuration/Earth            3
   c - Leda's Liquefaction            Hexes/Earth                  4
   d - Summon Forest                  Summoning/Translocation      5
   e - Hydra Form                     Transmutation                6
   f - Summon Hydra                   Summoning                    7
Comestibles
 f - a bread ration
 m - a royal jelly
 p - a meat ration
 M - 13 fruits


   Skills:
 * Level 4.3 Fighting
 - Level 14.0 Polearms
 * Level 4.2 Armour
 + Level 1.2 Dodging
   Level 3.6 Shields


You had 8 spell levels left.
You didn't know any spells.

Dungeon Overview and Level Annotations

Branches:
Dungeon (9/15)             Temple (1/1) D:4
   Lair: D:8-11         Orc: D:9-12

Altars:
Ashenzari
Cheibriados
Dithmenos
Elyvilon
Fedhas
Gozag
Hepliaklqana
Kikubaaqudgha
Nemelex Xobeh
Okawaru
Qazlal
Ru
Sif Muna
Uskayaw
Vehumet
Xom
Zin

Shops:
D:8 :=![

Annotations:
D:3 yogakurto's ghost, amateur GrBe
D:7 Joseph
D:8 Maurice


Innate Abilities, Weirdness & Mutations

You reflexively headbutt those who attack you in melee.
You have a pair of horns on your head.


Message History

The killer bee closely misses you.
The brown ugly thing claws you but does no damage.
The killer bee stings you.
* * * LOW HITPOINT WARNING * * *
The killer bee stings you but does no damage.
The killer bee closely misses you. The killer bee stings you!
* * * LOW HITPOINT WARNING * * *
The killer bee barely misses you. You furiously retaliate!
You headbutt the killer bee, but do no damage.
The killer bee stings you but does no damage.
The wyvern closely misses you. The killer bee stings you.
* * * LOW HITPOINT WARNING * * *
The killer bee barely misses you. You furiously retaliate!
You headbutt the killer bee! The wyvern bites you.
* * * LOW HITPOINT WARNING * * *
Found 9 gold pieces.
The killer bee stings you!
You die...

### # ... .#
#.#############.#
#...l...y.....#.#
.#.y..u.y......###.
#@######..........
#.# #.##.#.#### #.#
###u##.#.### #.#
#..yy.y....# #.#
#.#.##.#..... #.#
#.#<##.#.#.## #$# #
#..#.# # # ..#
##.#y# #..y#


You could see a brown ugly thing, a wyvern and 3 killer bees.

Vanquished Creatures
  The ghost of Exporg the Chopper, a novice HOFi of Trog (D:4)
  Prince Ribbit (D:6)
  A hippogriff (D:7)
  A water moccasin (D:7)
  An ice beast (D:6)
  An ogre (D:4)
  2 centaurs
  3 bullfrogs
  A killer bee (D:9)
  2 scorpions
  A howler monkey (D:4)
  3 crimson imps
  A centaur zombie (D:5)
  A bullfrog skeleton (D:5)
  5 hounds
  A centaur skeleton (D:7)
  2 orc priests
  5 orc wizards
  Crazy Yiuf (D:3)
  An iguana (D:3)
  4 worker ants
  A hound zombie (D:7)
  Robin (D:4)
  4 gnolls (D:5)
  11 adders
  2 shadow imps
  An ooze (D:3)
  An adder zombie (D:8)
  3 worms
  4 dart slugs
  A leopard gecko (D:3)
  12 orcs
  4 giant cockroaches
  16 goblins
  6 hobgoblins
  6 jackals (D:4)
  A quokka (D:3)
  2 ball pythons
  5 bats
  2 frilled lizards
  A giant cockroach zombie (D:5)
  A jackal skeleton (D:5)
  A jackal zombie (D:6)
  9 kobolds
  7 rats
141 creatures vanquished.

Vanquished Creatures (others)
  A human (D:6)
1 creature vanquished.

Grand Total: 142 creatures vanquished

Notes
Turn   | Place    | Note
-------+----------+-------------------------------------------
     0 | D:1      | Messajah the Minotaur Fighter began the quest for the Orb.
     0 | D:1      | Reached XP level 1. HP: 19/19 MP: 0/0
   176 | D:1      | Reached skill level 3 in Polearms
   272 | D:1      | Reached XP level 2. HP: 25/26 MP: 1/1
   376 | D:1      | Reached skill level 4 in Polearms
   567 | D:2      | Reached XP level 3. HP: 31/31 MP: 2/2
   662 | D:2      | Found a sparkling altar of Nemelex Xobeh.
  1280 | D:3      | Found a runed door.
  1284 | D:3      | Noticed Crazy Yiuf
  1291 | D:3      | Killed Crazy Yiuf
  1291 | D:3      | Reached skill level 5 in Polearms
  1291 | D:3      | Reached XP level 4. HP: 21/39 MP: 3/3
  1512 | D:3      | Noticed yogakurto's ghost (amateur GrBe)
  1513 | D:3      | Found an ancient bone altar of Kikubaaqudgha.
  1553 | D:4      | Reached skill level 6 in Polearms
  1558 | D:4      | Reached XP level 5. HP: 42/45 MP: 4/4
  1577 | D:4      | Reached skill level 7 in Polearms
  1864 | D:4      | Noticed Exporg's ghost (novice HOFi)
  1897 | D:5      | Entered Level 5 of the Dungeon
  2109 | D:5      | Reached XP level 6. HP: 41/51 MP: 5/5
  2276 | D:5      | Reached skill level 8 in Polearms
  2673 | D:3      | Reached skill level 9 in Polearms
  3243 | D:4      | Reached XP level 7. HP: 51/57 MP: 6/6
  3250 | D:4      | Killed Exporg's ghost
  3250 | D:4      | Reached skill level 10 in Polearms
  3474 | D:4      | Found a staircase to the Ecumenical Temple.
  3483 | Temple   | Entered the Ecumenical Temple
  3617 | D:4      | Noticed Robin
  3677 | D:4      | Killed Robin
  3871 | D:4      | Reached skill level 11 in Polearms
  3871 | D:4      | Reached XP level 8. HP: 38/64 MP: 7/7
  4301 | D:4      | Found a faded altar of an unknown god.
  4301 | D:4      | Found a faded altar of an unknown god.
  4311 | D:4      | Found a faded altar of an unknown god.
  4315 | D:4      | Found a shadowy altar of Dithmenos.
  4317 | D:4      | Found a faded altar of an unknown god.
  4871 | D:5      | Found an iron altar of Okawaru.
  4874 | D:5      | Became a worshipper of Warmaster Okawaru
  5265 | D:6      | Found an ancient bone altar of Kikubaaqudgha.
  5439 | D:6      | Noticed Prince Ribbit
  5446 | D:6      | Killed Prince Ribbit
  5446 | D:6      | Reached skill level 12 in Polearms
  5475 | D:6      | Found a radiant altar of Vehumet.
  5505 | D:6      | Reached * piety under Okawaru
  5928 | D:7      | Noticed Joseph
  5948 | D:8      | Noticed Maurice
  6191 | D:7      | Reached skill level 13 in Polearms
  6195 | D:7      | Found a stormy altar of Qazlal.
  6279 | D:7      | Found a hide-covered altar of Uskayaw.
  6290 | D:7      | Noticed a dagger
  6347 | D:7      | Noticed a hand axe
  6370 | D:7      | Noticed a hippogriff
  6380 | D:7      | Killed a hippogriff
  6380 | D:7      | Reached XP level 9. HP: 40/70 MP: 8/8
  7091 | D:7      | Reached skill level 14 in Polearms
  7279 | D:7      | Found a blossoming altar of Fedhas.
  7414 | D:7      | Reached skill level 1 in Dodging
  7497 | D:8      | Found Pinuimp's Book Shoppe.
  7499 | D:8      | Found Goaforu's Distillery.
  7499 | D:8      | Found Giroetuj's Jewellery Shoppe.
  7500 | D:8      | Found Tang's Antique Armour Shoppe.
  7506 | D:8      | Noticed a brown ugly thing
  7573 | D:9      | Slain by a killer bee

Skill      XL: |  1  2  3  4  5  6  7  8  9 |
---------------+----------------------------+-----
Polearms       | 3 4 5 6 7 9 11 13 14 | 14.0
Fighting       | 4 |  4.3
Armour         | 4 |  4.2
Dodging        | 1 |  1.2
Shields        | |  3.6

Action                   |  1- 3 |  4- 6 |  7- 9 || total
-------------------------+-------+-------+-------++-------
Melee: Trident           |    80 |   124 |   216 ||   420
       Headbutt          |     6 |    37 |    53 ||    96
  Use: Potion            |       |       |     1 ||     1
  Eat: Chunk             |     1 |     6 |     7 ||    14
       Bread ration      |       |       |     1 ||     1
       Fruit             |       |       |     1 ||     1
       Beef jerky        |       |       |     1 ||     1
Armor: Scale mail        |    23 |    48 |   104 ||   175
Dodge: Dodged            |    29 |    45 |    88 ||   162
